 Dungeon Crawl Stone Soup version 0.19.5 (webtiles) character file.

2163 Asagix the Covered (level 9, 0/112 HPs)
             Began as a Minotaur Berserker on May 3, 2017.
             Was a High Priest of Trog.
             Succumbed to a worker ant's poison
             ... on level 7 of the Dungeon.
             The game lasted 00:19:12 (6220 turns).

Asagix the Covered (Minotaur Berserker)             Turns: 6220, Time: 00:19:12

Health: 0/112      AC: 15    Str: 30    XL:     9   Next: 10%
Magic:  0/8        EV:  9    Int:  4    God:    Trog [*****.]
Gold:   322        SH:  0    Dex: 10    Spells: 0 memorised, 8 levels left

rFire  + + .     SeeInvis .     Q - +4 rapier "Sorouhuo" {pierce, *Noise rF+ rC+ rN+}
rCold  + . .     Gourm    .     B - +0 plate armour
rNeg   + . .     Faith    .     (no shield)
rPois  .         Spirit   +     (helmet restricted)
rElec  .         Reflect  .     (no cloak)
rCorr  .         Harm     .     A - +1 pair of gloves
MR     .....                    (no boots)
Stlth  ..........               G - amulet of guardian spirit
                                C - ring of protection from fire
                                v - ring of wizardry

@: berserking, lethally poisoned (0 -> -9), very quick
A: retaliatory headbutt, horns 2
a: Berserk, Trog's Hand, Brothers in Arms, Burn Spellbooks, Renounce Religion


You were on level 7 of the Dungeon.
You worshipped Trog.
Trog was extremely pleased with you.
You were not hungry.

You visited 1 branch of the dungeon, and saw 7 of its levels.

You collected 322 gold pieces.

Inventory:

Hand Weapons
 a - a +0 short sword
 j - a +0 spear of venom
 o - a +2 mace of crushing
 x - a +4 spear
 O - a +5 scythe of pain
 P - a +0 falchion
 Q - the +4 rapier "Sorouhuo" (weapon) {pierce, *Noise rF+ rC+ rN+}
   (You found it on level 6 of the Dungeon)

   It inflicts extra damage upon your enemies.
   It protects you from fire.
   It protects you from cold.
   It protects you from negative energy.
   It may make noises in combat.
Armour
 b - a +0 animal skin
 d - a +0 scale mail
 k - a +0 ring mail
 p - a +0 pair of gloves
 A - a +1 pair of gloves (worn)
 B - a +0 plate armour (worn)
 R - +0 mottled dragon scales
Magical Staves
 H - an uncursed staff of summoning {unknown}
Jewellery
 v - a ring of wizardry (left hand)
 C - a ring of protection from fire (right hand)
 G - an amulet of guardian spirit (around neck)
Wands
 y - a wand of random effects (24/48)
 z - a wand of polymorph (3/24)
 K - a wand of random effects (30/48)
 L - a wand of iceblast (12/15)
Scrolls
 g - 6 scrolls of remove curse
 l - a scroll of immolation {unknown}
 q - a scroll of magic mapping {unknown}
 r - 2 scrolls of random uselessness
 D - a scroll of fear {unknown}
 E - 4 scrolls of identify
 F - a scroll of teleportation {unknown}
 I - a scroll of blinking {unknown}
 J - 2 scrolls of fog {unknown}
Potions
 e - a potion of mutation {unknown}
 i - 5 potions of brilliance {unknown}
 m - a potion of flight {unknown}
 n - 2 potions of agility {unknown}
 s - 7 potions of curing {unknown}
 t - 2 potions of heal wounds {unknown}
 u - 2 potions of degeneration {unknown}
 w - 2 potions of haste {unknown}
 M - a potion of lignification {unknown}
Comestibles
 c - 4 bread rations
 f - 3 beef jerkies
 h - 6 fruits
 N - a royal jelly


   Skills:
 + Level 6.2 Fighting
 + Level 5.3 Short Blades
 + Level 3.9 Maces & Flails
 + Level 7.2 Polearms
 + Level 7.8 Armour
 + Level 4.4 Dodging
 + Level 2.2 Stealth
 + Level 1.4 Unarmed Combat


You had 8 spell levels left.
You didn't know any spells.

Dungeon Overview and Level Annotations

Branches:
Dungeon (7/15)
 Temple: D:4-7

Altars:
Qazlal


Innate Abilities, Weirdness & Mutations

You reflexively headbutt those who attack you in melee.
You have a pair of horns on your head.


Message History

* * * LOW HITPOINT WARNING * * *
You barely miss the worker ant. Your headbutt misses the worker ant.
The worker ant is heavily wounded.
You feel sick. The worker ant bites you.
* * * LOW HITPOINT WARNING * * *
You are lethally poisoned!
The worker ant poisons you! The orc warrior barely misses you.
Your plate armour prevents you from hitting the worker ant.
You headbutt the worker ant.
The worker ant is severely wounded.
* * * LOW HITPOINT WARNING * * *
You feel sick.
The worker ant bites you but does no damage.
An adder zombie comes into view.
You puncture the worker ant!
You kill the worker ant!
Trog accepts your kill.
The orc warrior hits you from afar with a halberd of protection.
* * * LOW HITPOINT WARNING * * *
You die...

... ..# ##. #.##.# ##..
#..#.# ##...
#...########..#. ###
#......##[.#.. ...
#.......(..... #.###
##..#########(†
#...###...# #... ##
#?@o#..## ###†##
...####oh..# #####...#
.....###...###.....####
#..[...#..†....####...#
#...........###...#
#.!......Z..........#
#..................##
#..................#
#...................#


You could see an orc warrior, an orc wizard, an adder zombie and a jackal.

Vanquished Creatures
  Grinder (D:3)
  Sigmund (D:6)
  A mottled dragon (D:6)
  A hornet zombie (D:7)
  An ogre (D:4)
  2 centaurs
  3 bullfrogs
  2 scorpions
  3 howler monkeys
  3 hounds
  2 jellies (D:6)
  4 orc priests
  9 orc wizards
  An iguana (D:4)
  7 worker ants
  A killer bee zombie (D:6)
  A hound skeleton (D:6)
  Robin (D:3)
  6 adders
  An ooze (D:2)
  2 adder zombies
  An adder skeleton (D:7)
  6 worms
  3 dart slugs
  A leopard gecko (D:6)
  22 orcs
  A giant cockroach (D:4)
  14 goblins
  9 hobgoblins
  11 jackals
  2 quokkas
  2 ball pythons
  4 bats
  4 frilled lizards
  9 kobolds
  A leopard gecko zombie (D:6)
  7 rats
150 creatures vanquished.

Notes
Turn   | Place    | Note
-------+----------+-------------------------------------------
     0 | D:1      | Asagix the Minotaur Berserker began the quest for the Orb.
     0 | D:1      | Reached XP level 1. HP: 19/19 MP: 0/0
   183 | D:1      | Reached XP level 2. HP: 25/27 MP: 1/1
   454 | D:2      | Reached XP level 3. HP: 25/33 MP: 2/2
   475 | D:2      | Reached ** piety under Trog
  1072 | D:2      | Reached XP level 4. HP: 41/41 MP: 3/3
  1511 | D:3      | Noticed Robin
  1526 | D:3      | Reached *** piety under Trog
  1531 | D:3      | Killed Robin
  1908 | D:3      | Noticed Grinder
  1945 | D:3      | Killed Grinder
  1945 | D:3      | Reached skill level 1 in Stealth
  1945 | D:3      | Reached XP level 5. HP: 6/47 MP: 4/4
  1945 | D:3      | Reached XP level 6. HP: 7/55 MP: 5/5
  2412 | D:4      | Reached skill level 5 in Fighting
  2776 | D:4      | Reached skill level 5 in Armour
  2887 | D:4      | Reached XP level 7. HP: 61/61 MP: 6/6
  3032 | D:5      | Entered Level 5 of the Dungeon
  3524 | D:5      | Reached skill level 1 in Polearms
  3810 | D:5      | Reached **** piety under Trog
  3810 | D:5      | Reached skill level 1 in Unarmed Combat
  4857 | D:6      | Reached XP level 8. HP: 69/69 MP: 7/7
  5282 | D:6      | Noticed Sigmund
  5323 | D:6      | Killed Sigmund
  5745 | D:6      | Reached skill level 5 in Polearms
  5931 | D:6      | Got a translucent rapier
  5932 | D:6      | Identified the +4 rapier "Sorouhuo" {pierce, *Noise rF+ rC+ rN+} (You found it on level 6 of the Dungeon)
  6061 | D:6      | Found a stormy altar of Qazlal.
  6111 | D:7      | Reached ***** piety under Trog
  6111 | D:7      | Reached skill level 5 in Short Blades
  6120 | D:7      | Reached XP level 9. HP: 66/75 MP: 6/8
  6219 | D:7      | HP: 1/112 [orc warrior/halberd of protection (5)]
  6220 | D:7      | Succumbed to a worker ant's poison

Skill      XL: |  1  2  3  4  5  6  7  8  9 |
---------------+----------------------------+-----
Fighting       | 4 5 6 |  6.2
Short Blades   | 4 5 |  5.3
Armour         | 4 5 6 7 |  7.8
Maces & Flails | 2 3 |  3.9
Stealth        | 1 2 |  2.2
Dodging        | 3 4 |  4.4
Polearms       | 2 6 7 |  7.2
Unarmed Combat | 1 |  1.4

Action                   |  1- 3 |  4- 6 |  7- 9 || total
-------------------------+-------+-------+-------++-------
Melee: Short sword       |    68 |       |       ||    68
       Headbutt          |    16 |    12 |    38 ||    66
       Mace              |    13 |    34 |       ||    47
       Unarmed           |       |    19 |       ||    19
       Spear             |       |    32 |   156 ||   188
       Scythe            |       |       |    29 ||    29
       Rapier            |       |       |    52 ||    52
Invok: Berserk           |     1 |     2 |     3 ||     6
       Burn Spellbooks   |       |       |     4 ||     4
  Use: Scroll            |       |     5 |     2 ||     7
 Stab: Distracted        |       |     1 |       ||     1
  Eat: Beef jerky        |     1 |     2 |       ||     3
       Fruit             |     1 |       |       ||     1
       Meat ration       |       |     1 |     1 ||     2
       Bread ration      |       |       |     2 ||     2
Armor: Scale mail        |     8 |       |       ||     8
       Animal skin       |     1 |       |       ||     1
       Ring mail         |    11 |    25 |       ||    36
       Plate armour      |       |     6 |   189 ||   195
Dodge: Dodged            |    56 |    47 |    95 ||   198
